 Dungeon Crawl Stone Soup version 0.30-a0-996-ga6910c8ee8 (webtiles) character file.

Game seed: 6404497325134271246

370 gelatine the Stinger (level 6, 0/44 HPs)
             Began as a Demonspawn Venom Mage on Apr 5, 2023.
             Killed by divine providence
             ... invoked by an orc priest
              (14 damage)
             ... on level 5 of the Dungeon.
             The game lasted 00:09:04 (4510 turns).

gelatine the Stinger (Demonspawn Venom Mage)        Turns: 4510, Time: 00:09:04

Health: 0/44       AC:  9    Str:  9    XL:     6   Next: 42%
Magic:  10/10      EV: 12    Int: 18    God:
Gold:   176        SH:  0    Dex: 13    Spells: 8/11 levels left

rFire   . . .      SeeInvis .    r - +2 spear (heavy)
rCold   . . .      Faith    .    (no shield)
rNeg    . . .      Spirit   .    a - +0 robe
rPois   .          Reflect  .    (no helmet)
rElec   .          Rampage  .    (no cloak)
rCorr   .                        f - +0 pair of gloves
Will    .....                    (no boots)
Stlth   ++                       (no amulet)
HPRegen 0.27/turn                (no ring)
MPRegen 0.12/turn                (no ring)

@: sanguine armoured, studying Staves
A: spiny 1, sanguine armour 1, weakness stinger 1
a: no special abilities


You were on level 5 of the Dungeon.
You visited 1 branch of the dungeon, and saw 6 of its levels.

You collected 215 gold pieces.
You spent 39 gold pieces at shops.

Inventory:

Hand Weapons
 d - a +0 hand axe
 e - a +1 dagger of speed
 r - a +2 heavy spear (weapon)
Armour
 a - a +0 robe (worn)
 f - a +0 pair of gloves (worn)
Jewellery
 i - a ring of ice
Wands
 l - a wand of polymorph (7)
Scrolls
 h - a scroll of blinking
 j - a scroll of enchant weapon {unknown}
 p - a scroll of enchant armour {unknown}
 q - a scroll of poison {unknown}
 s - a scroll of magic mapping {unknown}
 t - a scroll of fear {unknown}
 u - a scroll of immolation {unknown}
Potions
 b - a potion of magic
 c - a potion of flight
 m - 5 potions of curing
 n - 3 potions of brilliance
 o - a potion of lignification


   Skills:
 * Level 1.7 Fighting
 + Level 0.3 Short Blades
 * Level 2.7 Dodging
 + Level 2.2 Stealth
 + Level 3.2 Spellcasting
 + Level 2.3 Transmutations
 * Level 5.0 Poison Magic


You had 8 spell levels left.
You knew the following spells:

 Your Spells              Type           Power      Damage    Failure   Level
a - Sting                 Tmut/Pois      64%        1d6       3%          1
b - Poisonous Vapours     Pois/Air       22%        N/A       9%          2

Your spell library contained the following spells:

 Spells                   Type           Power      Damage    Failure   Level
 Spider Form              Tmut/Pois      16%        N/A       11%         3
 Sandblast                Erth           4%         2d4       16%         1
 Slow                     Hex            8%         N/A       16%         1
 Passwall                 Tmut/Erth      5%         N/A       16%         2
 Olgreb's Toxic Radiance  Pois           20%        N/A       21%         4
 Ensorcelled Hibernation  Hex/Ice        4%         N/A       24%         2
 Mephitic Cloud           Conj/Pois/Air  8%         N/A       24%         3
 Confusing Touch          Hex            2%         N/A       43%         3
 Dazzling Flash           Conj/Hex       4%         N/A       43%         3
 Stone Arrow              Conj/Erth      4%         3d7       43%         3
 Vampiric Draining        Necr           2%         2d6       43%         3
 Anguish                  Hex/Necr       1%         N/A       85%         4
 Animate Armour           Summ/Erth      4%         N/A       85%         4
 Iskenderun's Mystic Bla  Conj/Tloc      2%         2d3       85%         4
 Starburst                Conj/Fire      1%         6d3       100%        6
 Lehudib's Crystal Spear  Conj/Erth      1%         10d2      100%        8


Dungeon Overview and Level Annotations

Branches:
Dungeon (6/15)
 Temple: D:4-7

Altars:
Yredelemnul

Shops:
D:1 !


Innate Abilities, Weirdness & Mutations

You are partially covered in sharp spines.
When seriously injured, your blood forms armour. (AC +6)
You have a small tail.


Message History

You hit the orc priest.
The orc priest is moderately wounded.
The orc priest barely misses you.
The orc priest calls down the wrath of Beogh upon you.
Beogh smites you!
Your blood congeals into armour.
You puncture the orc!
You kill the orc!
The orc priest barely misses you.
The orc priest calls upon Beogh to heal the orc priest.
The orc priest is healed somewhat.
The orc priest begins to cast a cantrip, but forgets the words!
Your Poison Magic skill increases to level 5!
You barely miss the orc. You tail-slap the orc.
The orc is severely wounded.
The orc priest calls upon Beogh to heal the orc.
The orc's wounds heal themselves!
The orc priest misses you. The orc barely misses you.
The orc priest looks braver for a moment.
The orc priest hits you but does no damage.
You puncture the orc!
You kill the orc!
The orc priest looks encouraged for a moment.
The orc priest barely misses you.
You hit the orc priest.
The orc priest is severely wounded.
The orc priest hits you but does no damage.
The orc priest misses you.
The orc priest hits you from afar with a +0 trident.
You closely miss the orc priest.
The orc priest is severely wounded.
The orc priest is struck by your spines.
The orc priest hits you but does no damage.
The orc priest closely misses you. x2
The orc priest invokes the aid of Beogh against you.
Beogh smites you!
* * * LOW HITPOINT WARNING * * *
You feel better.
The orc priest calls down the wrath of Beogh upon you.
Beogh smites you!
You die...

### ..#
###.########
#........<.#
#.......?..###
#..)..$....?.
###>.....).#
#.##..o@.#
.....o...#
..........#
........####
####.#### ..#
..#


You could see 2 orc priests.

Vanquished Creatures
  A phantom (D:5)
  A scorpion (D:3)
  An orc priest (D:3)
  2 orc wizards
  4 gnolls (D:3)
  3 adders
  An ufetubus (D:6)
  2 worms
  6 dart slugs
  6 orcs
  8 endoplasms
  3 giant cockroaches
  4 goblins
  6 hobgoblins
  3 jackals (D:1)
  5 quokkas
  2 ball pythons
  7 bats
  3 frilled lizards
  2 kobolds
  5 rats
  A spectral orc (D:4)
76 creatures vanquished.

Notes
Turn   | Place    | Note
-------+----------+-------------------------------------------
     0 | D:1      | gelatine the Demonspawn Venom Mage began the quest for the
                  | Orb.
     0 | D:1      | Reached XP level 1. HP: 13/13 MP: 3/3
   378 | D:1      | Gained mutation: You have a small tail. [demonic ancestry]
   378 | D:1      | Reached XP level 2. HP: 19/19 MP: 0/5
   448 | D:1      | Reached skill level 1 in Transmutations
  1125 | D:1      | Found Dunam's Distillery.
  1133 | D:1      | Bought a potion of curing for 39 gold pieces
  1469 | D:2      | Reached XP level 3. HP: 22/24 MP: 1/6
  2992 | D:3      | Noticed a scorpion
  2996 | D:3      | Killed a scorpion
  2997 | D:3      | Reached skill level 4 in Poison Magic
  2997 | D:3      | Gained mutation: You are partially covered in sharp spines.
                  | [demonic ancestry]
  2997 | D:3      | Reached XP level 4. HP: 31/31 MP: 4/7
  3082 | D:3      | Reached XP level 5. HP: 16/36 MP: 1/9
  3087 | D:3      | Reached skill level 1 in Fighting
  3906 | D:3      | Learned a level 2 spell: Poisonous Vapours
  4291 | D:4      | Found a basalt altar of Yredelemnul.
  4409 | D:4      | You fall into a shaft and drop 2 floors!
  4411 | D:6      | Noticed a sky beast
  4413 | D:6      | Gained mutation: When seriously injured, your blood forms
                  | armour. (AC +6) [demonic ancestry]
  4413 | D:6      | Reached XP level 6. HP: 43/43 MP: 7/10
  4414 | D:6      | Noticed an orc warrior
  4418 | D:6      | Noticed an orc warrior
  4494 | D:5      | Entered Level 5 of the Dungeon
  4506 | D:5      | Reached skill level 5 in Poison Magic
  4510 | D:5      | Killed from afar by an orc priest

Illustrated notes

Levels and vault maps discovered:
D:1:      spicycebolla_arrival_xxxplode, layout_loops_corners, serial_shops,
          shop
D:2:      layout_basic, nrook_uturn
D:3:      layout_basic
D:4:      layout_loops_ring, yredelemnul_forgotten_temple_becter
D:5:      layout_basic, minmay_temple_entry_waves
D:6:      layout_loops_ring, kennysheep_little_box, chequers_avenue,
          kennysheep_another_room

Skill      XL: |  1  2  3  4  5  6 |
---------------+-------------------+-----
Transmutations | 1 2 |  2.3
Stealth        | 2 |  2.2
Dodging        | 2 |  2.7
Poison Magic   | 4 5 |  5.0
Fighting       | 1 |  1.7
Spellcasting   | 3 |  3.2
Short Blades   | |  0.3

Action                     |  1- 3 |  4- 6 || total
---------------------------+-------+-------++-------
  Melee: Unarmed           |    11 |       ||    11
         Dagger            |    34 |    39 ||    73
         Tailslap          |     5 |     5 ||    10
         Punch             |     1 |     1 ||     2
         Spear             |       |    18 ||    18
   Cast: Sting             |    87 |    47 ||   134
    Use: Scroll            |       |     7 ||     7
         Potion            |       |     2 ||     2
 Armour: Robe              |    10 |    18 ||    28
  Dodge: Dodged            |    40 |    33 ||    73

Table legend: (Time is in decaauts)
 A = Elapsed time spent in this place.
 B = Non-inter-level travel time spent in this place.
 C = Inter-level travel time spent in this place.
 D = Time resting spent in this place.
 E = Time spent auto-exploring this place.
 F = Levels seen in this place.
 G = Mean time per level.
                   A        B        C        D        E       F      G
               +--------+--------+--------+--------+--------+-----+--------+
         Total |   4493 |   4382 |    111 |      0 |   3750 |   6 |  748.8 |
       Dungeon |   4493 |   4382 |    111 |      0 |   3750 |   6 |  748.8 |
               +--------+--------+--------+--------+--------+-----+--------+

Top non-repeatable levels by time:
     D:1: 1448 daAuts
     D:2: 1427 daAuts
     D:3: 1124 daAuts
     D:4: 381 daAuts
     D:6: 87 daAuts
     D:5: 24 daAuts
